Description

Zoun vs. Soo

VOD

https://www.youtube.com/watch?v=IsM_sx9IQ4Y&ab_channel=AfreecaTVeSports

Build Order

Get SALT Encoding   

  13  0:15  Natural Pylon  
  15  0:38  Natural Gateway (Chrono Boost)  
  17  0:48  Cut Probes @ 20 for Nexus Assimilator  
  20  1:23  Natural Nexus  
  20  1:35  Resume Probes Cybernetics Core  
  21  1:43   Assimilator  
  22  1:53  Main Pylon  
  25  2:10  * Adept (Chrono Boost), Warp Gate  
  26  2:20  Main Twilight Council  
  29  2:30  * Stalker (Chrono Boost)  
  32  2:48  Main Robotics Facility  
  36  3:00   Resonating Glaives (Chrono Boost)  
  36  3:15   Gateway  
  38  3:20   Adept  
  40  3:30  4 total, 4 total Gateway x2  
  42  3:40   Warp Prism (Chrono Boost)  
  42  3:45   Pylon  
  44  3:55  Natural Shield Battery  
  49  4:05   Adept x2  
  49  4:10   Observer  
  52  4:15   Pylon x2  
  62  4:33  ************* Adept x4  
  62  4:38   Pylon  
  62  4:43   Assimilator x2  
  70  4:55   Adept x4  
  70  5:05   Robotics Bay, Pylon  
  72  5:15   Forge  
Spawning Tool Build Advisor. Get it on Overwolf

Go to:

Details

  • Created by: calvin626
  • Published on: Sep 08, 2022
  • Modified on: Sep 08, 2022
  • Patch: 4.11.0
  • Difficulty: Hard
Show
View Real Time Build Order
Export as new Build Order

Comments (0)

There are no comments. Be the first!

Create an account to comment!